[ AOE2 MATCH · #506031292 ]
UnrankedGeorgians vs Bulgarians
Player's team · LOSS
[ REPLAY ANALYSIS · EXTRACTED FROM THE RECORDED GAME ]
Feudal
8:32
Castle
23:15
Imperial
—
| APM avg | 48.6 |
| APM peak | 100 |
| eAPM avg | 24.5 |
| Villagers / military | 144 / 66 |
Focus
⚔️ 29.3% · 🌾 70.7%
Archer ×50 · Mangonel ×7 · Monaspa ×4 · Skirmisher ×3 · Monk ×1 · Spearman ×1
Feudal
9:20
Castle
23:30
Imperial
38:14
| APM avg | 61.5 |
| APM peak | 115 |
| eAPM avg | 28.4 |
| Villagers / military | 149 / 81 |
Focus
⚔️ 39.8% · 🌾 60.2%
Skirmisher ×45 · Archer ×15 · Mangonel ×9 · Monk ×6 · Militia ×3 · Trebuchet (Packed) ×2
Match map
Initial resources + every placement click. Lines = walls · curves = elevation contours. ◆ gold · ⬟ stone · ● berries · ✦ relic · ◌ wall gap
Your base· Open — 2t gap
adjectivenoun's base· ✓ Closed at 23:30 · 52t walls · 1 gate(s)
Smoothed initial terrain · ◌ = detected wall gap · hover for details
Inputs per minute
— Charlie Mx - - adjectivenoun
Build order — Charlie Mx
First 150 of 360 actions detected
| 0:01 | Create | Villager (Male) |
| 0:02 | Create | Villager (Male) |
| 0:02 | Create | Villager (Male) |
| 0:02 | Create | Villager (Male) |
| 0:04 | Build | House |
| 0:06 | Build | House |
| 1:29 | Create | Villager (Male) |
| 2:03 | Create | Villager (Male) |
| 2:15 | Create | Villager (Male) |
| 2:37 | Build | House |
| 2:40 | Create | Villager (Male) |
| 2:53 | Create | Villager (Male) |
| 2:53 | Create | Villager (Male) |
| 2:54 | Create | Villager (Male) |
| 3:01 | Create | Villager (Male) |
| 3:01 | Create | Villager (Male) |
| 3:20 | Build | Mill |
| 3:24 | Create | Villager (Male) |
| 3:24 | Create | Villager (Male) |
| 3:51 | Create | Villager (Male) |
| 3:53 | Create | Villager (Male) |
| 5:06 | Create | Villager (Male) |
| 5:07 | Research | Loom |
| 6:22 | Research | Feudal Age |
| 6:30 | Build | Barracks |
| 6:55 | Create | Villager (Male) |
| 7:05 | Build | House |
| 7:44 | Create | Villager (Male) |
| 8:00 | Build | Palisade Wall |
| 8:01 | Build | Palisade Wall |
| 8:09 | Create | Villager (Male) |
| 8:32 | Age | Feudal Age |
| 8:37 | Build | Archery Range |
| 8:39 | Create | Villager (Male) |
| 8:58 | Create | Villager (Male) |
| 9:05 | Create | Villager (Male) |
| 9:13 | Research | Double-Bit Axe |
| 9:26 | Build | Palisade Wall |
| 9:28 | Build | Palisade Wall |
| 9:42 | Create | Villager (Male) |
| 9:45 | Create | Archer |
| 10:03 | Build | House |
| 10:18 | Create | Archer |
| 10:25 | Create | Archer |
| 10:33 | Create | Archer |
| 10:41 | Create | Villager (Male) |
| 10:54 | Build | Mule Cart |
| 11:07 | Create | Villager (Male) |
| 11:19 | Build | House |
| 11:53 | Create | Villager (Male) |
| 11:55 | Create | Archer |
| 12:02 | Create | Villager (Male) |
| 12:05 | Build | House |
| 12:15 | Build | Blacksmith |
| 12:16 | Build | House |
| 12:18 | Build | Palisade Wall |
| 12:33 | Research | Horse Collar |
| 12:37 | Build | Farm |
| 12:38 | Build | Farm |
| 12:40 | Build | Farm |
| 12:40 | Build | Farm |
| 12:41 | Build | Farm |
| 12:42 | Create | Villager (Male) |
| 12:45 | Create | Archer |
| 12:47 | Build | House |
| 12:51 | Build | Farm |
| 13:05 | Build | House |
| 13:07 | Build | Palisade Wall |
| 13:07 | Build | Palisade Wall |
| 13:15 | Create | Villager (Male) |
| 13:15 | Create | Villager (Male) |
| 13:15 | Create | Villager (Male) |
| 13:19 | Build | Farm |
| 13:23 | Build | Palisade Wall |
| 13:34 | Build | Mule Cart |
| 13:40 | Create | Villager (Male) |
| 13:40 | Create | Villager (Male) |
| 13:44 | Build | Palisade Wall |
| 13:52 | Create | Villager (Male) |
| 13:58 | Build | Palisade Wall |
| 14:13 | Build | Palisade Wall |
| 14:18 | Build | Palisade Wall |
| 14:19 | Create | Villager (Male) |
| 14:28 | Research | Fletching |
| 14:28 | Research | Fletching |
| 14:44 | Build | Palisade Wall |
| 14:52 | Create | Skirmisher |
| 14:54 | Build | Palisade Wall |
| 14:55 | Create | Villager (Male) |
| 14:59 | Build | Farm |
| 15:02 | Create | Villager (Male) |
| 15:06 | Build | Farm |
| 15:21 | Create | Archer |
| 15:30 | Research | Padded Archer Armor |
| 15:33 | Create | Archer |
| 15:40 | Create | Villager (Male) |
| 15:45 | Create | Archer |
| 15:53 | Create | Spearman |
| 16:03 | Build | Palisade Wall |
| 16:13 | Create | Villager (Male) |
| 16:15 | Create | Skirmisher |
| 16:23 | Create | Skirmisher |
| 16:29 | Create | Villager (Male) |
| 16:42 | Create | Villager (Male) |
| 17:07 | Create | Villager (Male) |
| 17:08 | Create | Archer |
| 17:12 | Create | Villager (Male) |
| 17:13 | Create | Villager (Male) |
| 17:17 | Create | Villager (Male) |
| 17:19 | Create | Archer |
| 17:36 | Create | Villager (Male) |
| 17:43 | Create | Villager (Male) |
| 17:51 | Build | Farm |
| 17:53 | Build | Farm |
| 17:55 | Build | Farm |
| 17:57 | Build | Farm |
| 18:07 | Create | Villager (Male) |
| 18:09 | Create | Villager (Male) |
| 18:13 | Research | Wheelbarrow |
| 18:18 | Build | Mule Cart |
| 18:29 | Build | Palisade Gate |
| 18:40 | Build | Palisade Gate |
| 18:45 | Create | Villager (Male) |
| 18:49 | Create | Villager (Male) |
| 18:55 | Create | Villager (Male) |
| 19:00 | Build | House |
| 19:01 | Build | Farm |
| 19:14 | Create | Villager (Male) |
| 19:19 | Create | Villager (Male) |
| 19:29 | Create | Villager (Male) |
| 20:35 | Research | Castle Age |
| 21:10 | Create | Villager (Male) |
| 21:12 | Build | Archery Range |
| 21:13 | Create | Archer |
| 21:18 | Create | Villager (Male) |
| 21:28 | Create | Archer |
| 21:28 | Create | Archer |
| 21:30 | Create | Villager (Male) |
| 21:35 | Build | House |
| 21:37 | Build | House |
| 21:37 | Build | House |
| 21:42 | Create | Villager (Male) |
| 21:49 | Create | Archer |
| 21:50 | Create | Archer |
| 21:51 | Create | Villager (Male) |
| 21:55 | Research | Gold Mining |
| 22:05 | Build | Mule Cart |
| 22:07 | Create | Villager (Male) |
| 22:23 | Create | Archer |
| 22:23 | Create | Archer |
Build order — adjectivenoun
First 150 of 400 actions detected
| 0:00 | Create | Villager (Male) |
| 0:02 | Build | House |
| 0:03 | Build | House |
| 0:06 | Create | Villager (Male) |
| 0:08 | Create | Villager (Male) |
| 0:10 | Create | Villager (Male) |
| 1:23 | Create | Villager (Male) |
| 2:02 | Create | Villager (Male) |
| 2:02 | Create | Villager (Male) |
| 2:43 | Create | Villager (Male) |
| 3:14 | Create | Villager (Male) |
| 3:21 | Build | Lumber Camp |
| 3:44 | Create | Villager (Male) |
| 3:57 | Create | Villager (Male) |
| 3:57 | Create | Villager (Male) |
| 4:02 | Create | Villager (Male) |
| 4:23 | Create | Villager (Male) |
| 4:28 | Create | Villager (Male) |
| 4:39 | Research | Loom |
| 4:46 | Build | House |
| 5:03 | Create | Villager (Male) |
| 5:23 | Create | Villager (Male) |
| 5:48 | Create | Villager (Male) |
| 5:58 | Build | Barracks |
| 6:02 | Build | Barracks |
| 6:18 | Create | Villager (Male) |
| 6:44 | Create | Villager (Male) |
| 6:51 | Build | House |
| 7:10 | Research | Feudal Age |
| 7:11 | Research | Feudal Age |
| 7:20 | Create | Militia |
| 7:20 | Create | Militia |
| 8:03 | Create | Militia |
| 8:18 | Build | Mining Camp |
| 9:02 | Create | Villager (Male) |
| 9:20 | Age | Feudal Age |
| 9:28 | Create | Villager (Male) |
| 9:31 | Build | Archery Range |
| 9:42 | Create | Villager (Male) |
| 9:45 | Build | Mill |
| 10:14 | Build | House |
| 10:16 | Research | Town Watch |
| 10:23 | Build | House |
| 10:27 | Build | Palisade Wall |
| 10:34 | Create | Villager (Male) |
| 10:35 | Create | Archer |
| 10:40 | Build | House |
| 10:42 | Build | Palisade Wall |
| 10:46 | Create | Archer |
| 11:00 | Create | Villager (Male) |
| 11:13 | Research | Double-Bit Axe |
| 11:25 | Create | Villager (Male) |
| 11:30 | Create | Villager (Male) |
| 11:31 | Create | Archer |
| 11:51 | Create | Villager (Male) |
| 12:00 | Build | House |
| 12:06 | Build | Farm |
| 12:09 | Build | House |
| 12:14 | Build | Palisade Wall |
| 12:17 | Create | Archer |
| 12:21 | Create | Villager (Male) |
| 12:38 | Build | Farm |
| 12:49 | Create | Archer |
| 12:57 | Create | Villager (Male) |
| 13:13 | Build | Farm |
| 13:17 | Build | Farm |
| 13:21 | Create | Villager (Male) |
| 13:27 | Build | Palisade Wall |
| 13:32 | Create | Archer |
| 13:38 | Build | Palisade Wall |
| 13:40 | Build | Palisade Wall |
| 13:51 | Create | Archer |
| 13:52 | Create | Villager (Male) |
| 14:20 | Create | Archer |
| 14:25 | Build | Palisade Wall |
| 14:35 | Create | Villager (Male) |
| 14:40 | Build | Blacksmith |
| 14:50 | Create | Villager (Male) |
| 14:56 | Build | Palisade Wall |
| 14:58 | Create | Villager (Male) |
| 15:03 | Create | Archer |
| 15:22 | Research | Fletching |
| 15:22 | Research | Fletching |
| 15:26 | Create | Villager (Male) |
| 15:29 | Build | Farm |
| 15:37 | Build | Farm |
| 15:45 | Create | Archer |
| 16:14 | Create | Villager (Male) |
| 16:17 | Create | Archer |
| 16:19 | Create | Villager (Male) |
| 16:21 | Build | Farm |
| 16:23 | Build | Farm |
| 16:34 | Build | Farm |
| 16:50 | Create | Archer |
| 17:03 | Create | Villager (Male) |
| 17:04 | Create | Archer |
| 17:08 | Create | Villager (Male) |
| 17:10 | Build | Farm |
| 17:32 | Create | Skirmisher |
| 17:34 | Research | Padded Archer Armor |
| 17:37 | Build | Farm |
| 17:42 | Build | Lumber Camp |
| 17:47 | Create | Villager (Male) |
| 17:56 | Research | Horse Collar |
| 17:56 | Research | Horse Collar |
| 18:04 | Create | Skirmisher |
| 18:17 | Create | Villager (Male) |
| 18:23 | Build | Palisade Gate |
| 18:25 | Build | Palisade Wall |
| 18:26 | Build | Palisade Wall |
| 18:28 | Create | Villager (Male) |
| 18:30 | Build | Farm |
| 18:32 | Create | Skirmisher |
| 18:42 | Build | Farm |
| 18:52 | Create | Skirmisher |
| 19:02 | Create | Villager (Male) |
| 19:07 | Build | Farm |
| 19:18 | Create | Skirmisher |
| 19:25 | Build | Market |
| 19:29 | Build | House |
| 19:32 | Research | Wheelbarrow |
| 19:39 | Build | House |
| 20:00 | Build | Farm |
| 20:37 | Create | Villager (Male) |
| 20:39 | Create | Skirmisher |
| 20:49 | Research | Castle Age |
| 21:04 | Create | Skirmisher |
| 21:08 | Create | Skirmisher |
| 21:14 | Build | Lumber Camp |
| 21:15 | Create | Skirmisher |
| 21:28 | Create | Skirmisher |
| 21:35 | Build | Farm |
| 21:38 | Build | Farm |
| 21:40 | Create | Skirmisher |
| 21:47 | Build | House |
| 21:53 | Build | House |
| 21:58 | Build | House |
| 22:01 | Build | House |
| 22:01 | Create | Skirmisher |
| 22:09 | Build | Farm |
| 22:12 | Research | Gold Mining |
| 22:13 | Create | Skirmisher |
| 22:41 | Create | Skirmisher |
| 22:49 | Build | Farm |
| 23:06 | Create | Skirmisher |
| 23:30 | Age | Castle Age |
| 23:32 | Build | Town Center |
| 23:34 | Build | Siege Workshop |
| 23:41 | Build | Monastery |
| 23:44 | Research | Bodkin Arrow |
Match timeline
| 5:58 | adjectivenoun · first_building Barracks |
| 6:30 | Charlie Mx · first_building Barracks |
| 8:00 | Charlie Mx · wall_segment Palisade Wall x1 |
| 8:01 | Charlie Mx · wall_segment Palisade Wall x1 |
| 8:32 | Charlie Mx · age_up feudal |
| 8:37 | Charlie Mx · first_building Archery Range |
| 9:20 | adjectivenoun · age_up feudal |
| 9:26 | Charlie Mx · wall_segment Palisade Wall x1 |
| 9:28 | Charlie Mx · wall_segment Palisade Wall x1 |
| 9:31 | adjectivenoun · first_building Archery Range |
| 10:27 | adjectivenoun · wall_segment Palisade Wall x10 |
| 10:42 | adjectivenoun · wall_segment Palisade Wall x5 |
| 12:14 | adjectivenoun · wall_segment Palisade Wall x4 |
| 12:18 | Charlie Mx · wall_segment Palisade Wall x5 |
| 13:07 | Charlie Mx · wall_segment Palisade Wall x4 |
| 13:07 | Charlie Mx · wall_segment Palisade Wall x1 |
| 13:23 | Charlie Mx · wall_segment Palisade Wall x3 |
| 13:27 | adjectivenoun · wall_segment Palisade Wall x7 |
| 13:38 | adjectivenoun · wall_segment Palisade Wall x4 |
| 13:40 | adjectivenoun · wall_segment Palisade Wall x6 |
| 13:44 | Charlie Mx · wall_segment Palisade Wall x13 |
| 13:58 | Charlie Mx · wall_segment Palisade Wall x25 |
| 14:13 | Charlie Mx · wall_segment Palisade Wall x3 |
| 14:18 | Charlie Mx · wall_segment Palisade Wall x1 |
| 14:25 | adjectivenoun · wall_segment Palisade Wall x1 |
| 14:44 | Charlie Mx · wall_segment Palisade Wall x5 |
| 14:54 | Charlie Mx · wall_segment Palisade Wall x1 |
| 14:56 | adjectivenoun · wall_segment Palisade Wall x13 |
| 16:03 | Charlie Mx · wall_segment Palisade Wall x1 |
| 18:25 | adjectivenoun · wall_segment Palisade Wall x1 |
| 18:26 | adjectivenoun · wall_segment Palisade Wall x1 |
| 20:22 | adjectivenoun · first_market_buy 500 food |
| 20:25 | adjectivenoun · first_market_sell 500 wood |
| 23:15 | Charlie Mx · age_up castle |
| 23:30 | adjectivenoun · age_up castle |
| 23:34 | adjectivenoun · first_building Siege Workshop |
| 23:41 | adjectivenoun · first_building Monastery |
| 24:39 | adjectivenoun · wall_segment Palisade Wall x1 |
| 28:46 | Charlie Mx · first_building Siege Workshop |
| 29:03 | Charlie Mx · first_building Monastery |
| 34:48 | adjectivenoun · first_building Castle |
| 35:38 | Charlie Mx · first_building Castle |
| 37:39 | adjectivenoun · wall_segment Palisade Wall x10 |
| 37:43 | adjectivenoun · wall_segment Stone Wall x1 |
| 37:53 | adjectivenoun · wall_segment Palisade Wall x1 |
| 38:08 | Charlie Mx · first_building Stable |
| 38:14 | adjectivenoun · age_up imperial |
| 39:16 | adjectivenoun · wall_segment Stone Wall x3 |
| 39:18 | Charlie Mx · resign |
[ AI ANALYSIS · 1 CREDIT ]
What really happened in this match?
Wolo.gg analyzes every decision: build order, eco, micro, common mistakes by bracket. Personalized analysis on WhatsApp or Discord in 30 seconds.
Civ guide
Georgians
Perfil
Charlie Mx